 Dungeon Crawl Stone Soup version 0.13.0-25-g43d4df3 (webtiles) character file.

3184 Malachi the Cleaver (level 9, -9/71 HPs)
             Began as a Ghoul Fighter on Oct 27, 2013.
             Was a Follower of Okawaru.
             Shot with an arrow of flame by a centaur (17 damage)
             ... on Level 8 of the Dungeon.
             The game lasted 00:18:09 (6724 turns).

Malachi the Cleaver (Ghoul Fighter)                 Turns: 6724, Time: 00:18:09

HP  -9/71        AC 11     Str 23      XL: 9   Next: 67%
MP   6/6         EV  7     Int  3      God: Okawaru [*.....]
Gold 455         SH  0     Dex  8      Spells:  0 memorised,  8 levels left

Res.Fire  : . . .   See Invis. : .   p - +1,+0 orc hand axe (flame)
Res.Cold  : + . .   Warding    : .   g - +1 dwarf chain mail
Life Prot.: + + +   Conserve   : .   (no shield)
Res.Poison: +       Res.Corr.  : .   (no helmet)
Res.Elec. : .       Clarity    : .   (no cloak)
Sust.Abil.: . .     Spirit.Shd : .   r - +0 pair of gloves
Res.Mut.  : .       Stasis     : .   (no boots)
Res.Rott. : +       Flight     : .   (no amulet)
Saprovore : + + +                    (no ring)
                                     x - ring of flight

@: very slightly contaminated, rotting, hasted, very quick, slightly resistant
to hostile enchantments, extremely unstealthy
A: rotting body, claws 1, carnivore 3, cold resistance 1, life protection 3,
poison resistance, saprovore 3, slow healing 1, torment resistance, unbreathing
a: Heroism, Renounce Religion, Evoke Flight


You were on level 8 of the Dungeon.
You worshipped Okawaru.
Okawaru was aware of your devotion.
You were not hungry.

You visited 2 branches of the dungeon, and saw 9 of its levels.

You collected 435 gold pieces.

Inventory:

Hand weapons
 a - a +0,+0 hand axe {=f}
 p - a +1,+0 orcish hand axe of flaming (weapon)
 z - a +1,+0 great mace of draining
Missiles
 y - 11 javelins (quivered)
Armour
 b - a +0 scale mail
 c - a +0 shield
 g - a +1 dwarven chain mail (worn)
 n - a +0 chain mail
 r - a +0 pair of gloves (worn)
Magical devices
 h - a wand of lightning (0)
 w - a wand of lightning (6)
 C - a wand of hasting (5)
 F - a wand of digging (15)
 J - a wand of paralysis (6) {unknown}
Comestibles
 L - a chunk of killer bee flesh
Scrolls
 k - 3 scrolls of recharging
 l - 7 scrolls of identify
 m - 3 scrolls of remove curse
 o - a scroll of enchant armour
 u - a scroll of curse jewellery {unknown}
 B - a scroll of noise {unknown}
 E - a scroll of magic mapping
 G - 2 scrolls of blinking {unknown}
 H - 5 scrolls of amnesia {unknown}
Jewellery
 q - a cursed ring of teleportation
 x - a ring of flight (left hand)
Potions
 d - 3 potions of agility
 e - a potion of flight {unknown}
 f - a potion of resistance
 i - 7 potions of curing
 j - 2 potions of invisibility
 s - 2 potions of heal wounds
 t - 2 potions of paralysis
 A - 2 potions of berserk rage {unknown}
 D - a potion of restore abilities
 I - a potion of poison {unknown}
Books
 v - a book of Wizardry

   Spells                             Type                      Level
   Summon Elemental                   Summoning                    4
   Agony                              Necromancy                   5
   Force Lance                        Conjuration                  5
   Fireball                           Conjuration/Fire             5
   Haste                              Charms                       6
   Invisibility                       Hexes                        6


   Skills:
 - Level 3.2 Fighting
 * Level 11.5 Axes
 + Level 0.8 Throwing
 - Level 2.6 Armour
 - Level 1.9 Dodging
   Level 2.6 Shields
 - Level 0.6 Evocations


You had 8 spell levels left.
You didn't know any spells.

Dungeon Overview and Level Annotations

Branches:
Dungeon (8/27)             Temple (1/1) D:7
    Orc: D:6-11        Lair: D:8-13

Altars:
Ashenzari
Cheibriados
Elyvilon
Fedhas
Kikubaaqudgha
Nemelex Xobeh
Okawaru
Sif Muna
Trog
Yredelemnul
Zin
the Shining One

Shops:
D:5 [   D:7 +

Annotations:
D:8 Grum


Innate Abilities, Weirdness & Mutations

Your body is rotting away.
You have sharp fingernails.
You are carnivorous and can eat meat at any time.
Your flesh is cold resistant.
You are immune to negative energy.
Your system is resistant to poisons.
You thrive on rotten meat.
You heal slowly.
You are immune to unholy pain and torment.
You can survive without breathing.


Message History

The wolf bites you but does no damage.
There is a basalt altar of Yredelemnul here.
You feel yourself slow down. The wolf bites you.
* * * LOW HITPOINT WARNING * * *
Evoke which item? (* to show all) (? for menu, Esc to quit)
That item cannot be evoked!
Evoke which item? (* to show all) (? for menu, Esc to quit)
Zapping:
C - a wand of hasting {zapped: 2}
Press: ? - help, Shift-Dir - straight line, f - you You feel yourself speed up.
The wolf bites you.
* * * LOW HITPOINT WARNING * * *
The wolf bites you.
* * * LOW HITPOINT WARNING * * *
The wolf bites you but does no damage. The wolf closely misses you.
The centaur wields a glowing bow.
It bursts into flame!
The centaur shoots an arrow of flame.
The arrow of flame hits you!
One of your 4 scrolls of remove curse catches fire!
You die...

#.......# #.......# #.......#
########.......######
#..............................
.... ..........####.####h...
...........##.....##....
...........#.......#....
...........#gc.....#....
................_........
........@...#h......#....
..#######h#.#.......#.#.#
#h#.##.....##.#/#
#...####.####...# ###........
..### ######### ###


You could see Grum, 2 wolves and a centaur.

Vanquished Creatures
  A wolf (D:8)
  A hippogriff (D:7)
  A necrophage (D:3)
  2 black bears
  An ice beast (D:6)
  2 ogres
  2 centaurs
  Sigmund (D:6)
  A giant frog (D:6)
  A manticore zombie (D:6)
  3 killer bees (D:8)
  A hippogriff skeleton (D:6)
  7 crimson imps
  2 goliath beetles
  A giant frog zombie (D:6)
  2 hounds (D:6)
  3 orc priests
  A jelly (D:5)
  A centaur skeleton (D:6)
  3 scorpions
  An iguana (D:7)
  4 orc wizards
  7 worker ants
  An ogre zombie (D:5)
  11 adders
  3 giant mites
  5 worms
  2 adder skeletons
  2 giant eyeballs (D:5)
  4 giant geckos
  19 orcs
  6 goblins
  13 hobgoblins
  2 ball pythons
  17 bats
  6 giant cockroaches
  3 giant newts
  A goblin skeleton (D:4)
  23 jackals
  6 kobolds
  23 rats
  4 ballistomycetes (D:6)
200 creatures vanquished.

Vanquished Creatures (others)
  2 giant spores (D:6)
  A quokka zombie (D:6)
3 creatures vanquished.

Grand Total: 203 creatures vanquished

Notes
Turn   | Place    | Note
--------------------------------------------------------------
     0 | D:1      | Malachi, the Ghoul Fighter, began the quest for the Orb.
     0 | D:1      | Reached XP level 1. HP: 19/19 MP: 0/0
   177 | D:1      | Reached XP level 2. HP: 26/26 MP: 1/1
   654 | D:1      | Reached XP level 3. HP: 30/33 MP: 2/2
   657 | D:1      | Reached skill level 1 in Dodging
  1050 | D:2      | Reached XP level 4. HP: 34/39 MP: 2/2
  1160 | D:2      | Found a glowing silver altar of Zin.
  1619 | D:3      | Reached XP level 5. HP: 33/46 MP: 3/3
  1623 | D:3      | Reached skill level 4 in Axes
  1877 | D:3      | Found a snail-covered altar of Cheibriados.
  2012 | D:3      | Noticed a necrophage
  2027 | D:3      | Killed a necrophage
  2027 | D:3      | Reached skill level 5 in Axes
  2027 | D:3      | Reached XP level 6. HP: 37/51 MP: 4/4
  2472 | D:4      | Reached skill level 6 in Axes
  2598 | D:4      | Reached XP level 7. HP: 48/57 MP: 4/4
  2790 | D:5      | Entered Level 5 of the Dungeon
  2857 | D:5      | Paralysed by a giant eyeball for 4 turns
  3108 | D:5      | Found Wasch's Armour Shoppe.
  3158 | D:5      | Reached skill level 7 in Axes
  3483 | D:5      | Found a white marble altar of Elyvilon.
  3812 | D:6      | Reached XP level 8. HP: 50/65 MP: 5/5
  3815 | D:6      | Reached skill level 8 in Axes
  3845 | D:6      | Noticed Sigmund
  3879 | D:6      | Killed Sigmund
  4112 | D:6      | Reached skill level 9 in Axes
  4150 | D:6      | HP: 3/66 [ogre/giant club (7)]
  4648 | D:6      | Found a shattered altar of Ashenzari.
  5034 | D:6      | Reached skill level 10 in Axes
  5034 | D:6      | Reached XP level 9. HP: 46/71 MP: 6/6
  5503 | D:7      | Found Reseinoh's Book Shoppe.
  5629 | D:7      | Found a staircase to the Ecumenical Temple.
  5666 | Temple   | Entered the Ecumenical Temple
  5772 | Temple   | Became a worshipper of Warmaster Okawaru
  6463 | D:8      | Reached skill level 11 in Axes
  6629 | D:8      | Acquired Okawaru's first power
  6667 | D:8      | Noticed Grum
  6690 | D:8      | Found a sparkling altar of Nemelex Xobeh.
  6707 | D:8      | Found a basalt altar of Yredelemnul.
  6724 | D:8      | Shot with an arrow of flame by a centaur

Action                   |  1- 3 |  4- 6 |  7- 9 || total
-------------------------+-------+-------+-------++-------
Melee: Hand axe          |   129 |   210 |   637 ||   976
Throw: Javelin           |       |       |    15 ||    15
Evoke: Wand              |       |       |    10 ||    10
  Use: Scroll            |       |       |    19 ||    19
